 Dungeon Crawl Stone Soup version 0.18.1-5-g4a78601 (webtiles) character file.

1827 Ijustatesigmund the Cleaver (level 8, -4/74 HPs)
             Began as a Minotaur Fighter on May 9, 2016.
             Was a Follower of Cheibriados.
             Slain by a sky beast (6 damage)
             ... on level 6 of the Dungeon.
             The game lasted 00:11:48 (5631 turns).

Ijustatesigmund the Cleaver (Minotaur Fighter)      Turns: 5631, Time: 00:11:49

Health: -4/74      AC: 11    Str: 23    XL:     8   Next: 86%
Magic:  7/7        EV: 15    Int:  7    God:    Cheibriados [*.....]
Gold:   430        SH: 10    Dex: 19    Spells: 0 memorised, 7 levels left

rFire  . . .     SeeInvis .     a - +1 war axe
rCold  . . .     Gourm    .     b - +0 scale mail
rNeg   . . .     Faith    .     c - +0 shield
rPois  .         Spirit   .     k - +0 hat
rElec  .         Dismiss  .     (no cloak)
rCorr  .         Reflect  .     (no gloves)
SustAt .         Harm     .     s - +0 pair of boots
MR     .....                    (no amulet)
Stlth  +.........               (no ring)
                                v - +3 ring of protection

@: agile, very slow, not resistant to hostile enchantments, very unstealthy
A: retaliatory headbutt, horns 2
a: Bend Time, Renounce Religion


You were on level 6 of the Dungeon.
You worshipped Cheibriados.
Cheibriados was aware of your devotion.
You were not hungry.

You visited 2 branches of the dungeon, and saw 7 of its levels.
You also visited: Sewer.

You collected 430 gold pieces.

Inventory:

Hand Weapons
 a - a +1 war axe (weapon)
Missiles
 t - 4 tomahawks of dispersal (quivered)
Armour
 b - a +0 scale mail (worn)
 c - a +0 shield (worn)
 k - a +0 hat (worn)
 s - a +0 pair of boots (worn)
Jewellery
 v - a +3 ring of protection (left hand)
Scrolls
 h - a scroll of amnesia
 i - a scroll of remove curse
 o - a scroll of fog
 r - a scroll of magic mapping
 u - a scroll of immolation
 w - a scroll of fear
Potions
 d - a potion of lignification
 g - a potion of flight
 m - a potion of brilliance
 n - a potion of cancellation {unknown}
 q - 2 potions of heal wounds {unknown}
Books
 p - a book of Summonings

   Spells                             Type                      Level
   a - Recall                         Summoning/Translocation      3
   b - Aura of Abjuration             Summoning                    5
   c - Summon Demon                   Summoning                    5
   d - Summon Forest                  Summoning/Translocation      5
   e - Summon Mana Viper              Hexes/Summoning              5
   f - Shadow Creatures               Summoning                    6
 y - a book of Death

   Spells                             Type                      Level
   a - Corpse Rot                     Necromancy                   2
   b - Sublimation of Blood           Necromancy                   2
   c - Agony                          Necromancy                   5
   d - Dispel Undead                  Necromancy                   5
   e - Excruciating Wounds            Charms/Necromancy            5
   f - Bolt of Draining               Conjuration/Necromancy       5
Comestibles
 f - 5 bread rations
 l - 8 meat rations


   Skills:
 + Level 8.3 Fighting
 * Level 10.4 Axes
 - Level 4.4 Armour
 + Level 3.4 Dodging
 - Level 4.2 Shields


You had 7 spell levels left.
You didn't know any spells.

Dungeon Overview and Level Annotations

Branches:
Dungeon (6/15)             Temple (1/1) D:5

Altars:
Ashenzari
Cheibriados
Dithmenos
Elyvilon
Fedhas
Gozag
Kikubaaqudgha
Makhleb
Nemelex Xobeh
Okawaru
Pakellas
Qazlal
Ru
Sif Muna
Trog
Vehumet
Xom
Zin
The Shining One

Shops:
D:5 %


Innate Abilities, Weirdness & Mutations

You reflexively headbutt those who attack you in melee.
You have a pair of horns on your head.


Message History

Cheibriados appreciates the change of pace.
You see here a war axe.
The sky beast hits you.
* * * LOW HITPOINT WARNING * * *
The sky beast shocks you.
* * * LOW HITPOINT WARNING * * *
You closely miss the sky beast. The sky beast barely misses you.
You hit the sky beast.
The sky beast is moderately wounded.
The sky beast flickers out of sight!
Deactivating autopickup; reactivate with Ctrl-A.
Something barely misses you.
You hit something but do no damage. You headbutt something! Something hits you.
* * * LOW HITPOINT WARNING * * *
Something shocks you.
* * * LOW HITPOINT WARNING * * *
You hit something. Something hits you.
* * * LOW HITPOINT WARNING * * *
Something shocks you.
You die...

.........#...........
#...........#...........
#...........####'#######
#.....#######...........
#.....#.....#...........
#.....#.....#...........
#.....#.....#...........
##.....#.)[).#...........
#......{@))..'...........
#......#.....#........... .
..#......#.....#........).. #.
#.#[.....###...#...........
##.##.###......############'###
.....Y.$#......# #....
........#......# #....
........#......# #....
...o.o..#......# #....


There were no monsters in sight!

Vanquished Creatures
  The ghost of pedritolo the Ruffian, a novice MiMo (D:5)
  Purgy (Sewer)
  An orc warrior (D:6)
  A phantom (D:4)
  An ogre (D:4)
  A gnoll sergeant (D:5)
  A scorpion (D:6)
  2 vampire bats (D:5)
  2 howler monkeys (D:5)
  A crimson imp (D:5)
  A hound (D:4)
  2 quasits
  2 jellies (D:6)
  4 orc priests
  A giant frog skeleton (D:5)
  5 orc wizards
  5 worker ants
  A hound skeleton (D:5)
  7 gnolls
  10 adders
  A shadow imp (D:6)
  An adder zombie (D:5)
  A worm (D:6)
  A dart slug (D:3)
  4 giant geckos
  18 orcs
  5 bats
  2 bat skeletons (D:5)
  3 bat zombies (D:5)
  6 giant cockroaches
  4 goblins
  5 hobgoblins
  8 jackals
  9 kobolds
  3 quokkas
  A giant gecko skeleton (D:6)
  6 giant newts
  7 rats
135 creatures vanquished.

Notes
Turn   | Place    | Note
--------------------------------------------------------------
     0 | D:1      | Ijustatesigmund the Minotaur Fighter began the quest for the Orb.
     0 | D:1      | Reached XP level 1. HP: 19/19 MP: 0/0
   205 | D:1      | Reached XP level 2. HP: 6/27 MP: 1/1
   622 | D:1      | Reached skill level 3 in Axes
   810 | D:2      | Found a shadowy altar of Dithmenos.
   894 | D:2      | Reached XP level 3. HP: 33/33 MP: 2/2
  1841 | D:3      | Reached XP level 4. HP: 40/40 MP: 3/3
  2339 | D:3      | Reached skill level 4 in Axes
  2339 | D:3      | Reached XP level 5. HP: 21/47 MP: 4/4
  2519 | D:3      | Found a shimmering altar of Xom.
  2765 | D:4      | Found a white marble altar of Elyvilon.
  2769 | D:4      | Reached skill level 5 in Fighting
  2774 | D:4      | Reached skill level 5 in Axes
  2848 | D:4      | HP: 1/48 [something/puff of flame (13)]
  2855 | D:4      | Reached XP level 6. HP: 8/56 MP: 5/5
  3154 | D:4      | Reached skill level 6 in Axes
  3602 | D:4      | Reached skill level 7 in Axes
  3602 | D:4      | Reached XP level 7. HP: 60/63 MP: 6/6
  3719 | D:5      | Entered Level 5 of the Dungeon
  3719 | D:5      | Found Idijoss's Food Shoppe.
  3741 | D:5      | Found a glowing golden altar of the Shining One.
  3844 | D:5      | Noticed pedritolo's ghost (novice MiMo)
  4163 | D:5      | Found a shattered altar of Ashenzari.
  4245 | D:5      | Killed pedritolo's ghost
  4245 | D:5      | Reached skill level 8 in Axes
  4245 | D:5      | Reached XP level 8. HP: 73/73 MP: 7/7
  4259 | D:5      | Found an ancient bone altar of Kikubaaqudgha.
  4263 | D:5      | Reached skill level 9 in Axes
  4329 | D:5      | Reached skill level 1 in Dodging
  4846 | D:5      | Found a staircase to the Ecumenical Temple.
  4860 | Temple   | Entered the Ecumenical Temple
  4902 | Temple   | Became a worshipper of Cheibriados the Contemplative
  5078 | D:6      | Found a radiant altar of Vehumet.
  5085 | D:6      | Found a glowing drain.
  5131 | Sewer    | Entered a sewer
  5233 | Sewer    | Noticed Purgy
  5242 | Sewer    | Killed Purgy
  5242 | Sewer    | Reached skill level 10 in Axes
  5511 | D:6      | Reached * piety under Cheibriados
  5631 | D:6      | HP: 2/74 [something (4)]
  5631 | D:6      | Slain by a sky beast

Skill      XL: |  1  2  3  4  5  6  7  8 |
---------------+-------------------------+-----
Shields        | 4 |  4.2
Axes           | 3 4 5 7 8 10 | 10.4
Armour         | 4 |  4.4
Fighting       | 4 5 6 7 8 |  8.3
Dodging        | 3 |  3.4

Action                   |  1- 3 |  4- 6 |  7- 9 || total
-------------------------+-------+-------+-------++-------
Melee: War axe           |    48 |   123 |   192 ||   363
       Headbutt          |     7 |    17 |    27 ||    51
Throw: Throwing net      |       |       |     1 ||     1
  Use: Scroll            |     4 |     4 |     7 ||    15
       Potion            |     1 |     4 |     3 ||     8
 Stab: Held in net/web   |       |       |     1 ||     1
  Eat: Chunk             |     2 |     5 |     1 ||     8
       Pizza             |     1 |       |       ||     1
       Royal jelly       |       |       |     1 ||     1
       Meat ration       |       |       |     1 ||     1
Armor: Scale mail        |    19 |    66 |    90 ||   175
Dodge: Dodged            |    18 |    37 |    86 ||   141
Block: Shield            |    16 |    75 |   106 ||   197
